[Event "Titled Tuesday Blitz March 08 Early 2022"]
[White "Nasuta, Grzegorz"]
[Black "Guliev, Logman"]
[WhiteFideId "1141686"]
[BlackFideId "13400061"]
[WhiteElo "2396"]
[BlackElo "2128"]
[Result "1-0"]
[Round "06"]
[TimeControl "180+1"]
[Date "2022.03.09"]
[WhiteClock "0:01:38"]
[BlackClock "0:01:24"]

1. e4 c5 2. Nc3 Nc6 3. Bb5 e6 4. Nf3 Nge7 5. d4 c4 6. Bxc4 d5 7. Bd3 dxe4 8. Nxe4 Nf5 9. c3 Be7 10. O-O O-O 11. Bg5 h6 12. Bxe7 Ncxe7 13. Re1 Bd7 14. Ne5 Bc6 15. Nxc6 bxc6 16. Nc5 Rb8 17. Qc2 Nh4 18. Re2 Nd5 19. g3 Nf3+ 20. Kg2 Ng5 21. h4 1-0


[Site "https://www.chess.com"]

[Event "Titled Tuesday Blitz March 08 Early 2022"]
[White "Neiksans, Arturs"]
[Black "Volkov, Maksim"]
[WhiteFideId "11601388"]
[BlackFideId "54123070"]
[WhiteElo "2447"]
[BlackElo "2081"]
[Result "1-0"]
[Round "06"]
[TimeControl "180+1"]
[Date "2022.03.08"]
[WhiteClock "0:00:06"]
[BlackClock "0:00:08"]

1. e4 c5 2. Nf3 d6 3. Bb5+ Nd7 4. d4 cxd4 5. Qxd4 a6 6. Bxd7+ Bxd7 7. Nc3 e6 8. O-O Nf6 9. Bg5 Bc6 10. Rad1 h6 11. Bh4 Be7 12. Qd3 Qc7 13. Rfe1 Rd8 14. Nd4 Bd7 15. Bg3 e5 16. Nf5 Bxf5 17. exf5 O-O 18. Bh4 Qa5 19. a3 Kh8 20. Bxf6 Bxf6 21. Nd5 e4 22. Qb3 Be5 23. Rxe4 Rfe8 24. Rde1 Qc5 25. g3 Kh7 26. c3 b5 27. Kg2 Qc6 28. Qd1 Qd7 29. Qf3 Bf6 30. Qd3 Qxf5 31. g4 Qg6 32. h3 Rxe4 33. Qxe4 Qxe4+ 34. Rxe4 Bh4 35. f4 Rf8 36. f5 Bg5 37. Kf3 h5 38. Re2 g6 39. f6 Rc8 40. b4 Rc4 41. Re7 Kg8 42. Re8+ Kh7 43. Rf8 hxg4+ 44. hxg4 Kh6 45. Rxf7 Bd2 46. Rf8 Bxc3 47. f7 Kg7 48. Rd8 Kxf7 49. Rxd6 Bb2 50. Rxa6 Rd4 51. Ra7+ Kf8 52. Nf4 Rc4 53. Nxg6+ Ke8 54. Nf4 Rc3+ 55. Ke4 Bxa3 56. Ne6 Bxb4 57. g5 Rc4+ 58. Kf5 Bd2 59. Kf6 Bc3+ 60. Kf5 Rc6 61. g6 b4 62. Rb7 Rc4 63. Kg5 Rc6 64. Kf5 Ra6 65. Nc7+ Kd8 66. Nxa6 b3 67. Rxb3 Bg7 68. Rf3 Bh6 69. Nc5 Ke8 70. Ne6 Ke7 71. Rh3 Bg7 72. Rh7 1-0


[Site "https://www.chess.com"]

[Event "Titled Tuesday Blitz March 08 Early 2022"]
[White "Nguyen, Thi Minh Oanh"]
[Black "Sinitsina, Anastassia"]
[WhiteFideId "12404080"]
[BlackFideId "4504640"]
[WhiteElo "1825"]
[BlackElo "2144"]
[Result "1-0"]
[Round "06"]
[TimeControl "180+1"]
[Date "2022.03.09"]
[WhiteClock "0:00:18"]
[BlackClock "0:00:03"]

1. d4 Nf6 2. Bf4 g6 3. e3 Bg7 4. Nf3 d6 5. Be2 b6 6. O-O Bb7 7. h3 O-O 8. a4 a6 9. c4 c5 10. Nc3 Nbd7 11. a5 bxa5 12. Qa4 cxd4 13. exd4 Nh5 14. Be3 e5 15. Qxa5 exd4 16. Nxd4 Nc5 17. Bxh5 gxh5 18. Qxd8 Rfxd8 19. Rfd1 Rac8 20. Rab1 Ne6 21. b3 Nc5 22. Nce2 Be4 23. Rbc1 Rb8 24. f3 Ba8 25. Rb1 Re8 26. Kf2 Rec8 27. Nf5 Bf8 28. Nxd6 Bxd6 29. Rxd6 Nxb3 30. Rxa6 Rxc4 31. Rxb3 Rxb3 32. Rxa8+ Kg7 33. Bd4+ Kg6 34. Ra6+ Kf5 35. Be3 Rc2 36. g4+ hxg4 37. hxg4+ Ke5 38. Ra4 Kd6 39. Re4 Rbb2 40. Bf4+ Kd5 41. Re3 Ra2 42. Kf1 Ra1+ 43. Kf2 Raa2 44. Rd3+ Kc4 45. Re3 Rab2 46. Re4+ Kd5 47. Be5 Ra2 48. Bf4 Rcb2 49. g5 Rc2 50. Bg3 Rcb2 51. Re3 Rc2 52. f4 Rcb2 53. Kf3 Ra1 54. f5 Rf1+ 55. Kg4 Rb4+ 56. Nf4+ Kd4 57. Re7 Rg1 58. Rxf7 Rb3 59. Ne2+ Ke4 60. Nxg1 1-0


[Site "https://www.chess.com"]

[Event "Titled Tuesday Blitz March 08 Early 2022"]
[White "Nguyen, Thien Ngan"]
[Black "Guliyev, Namig"]
[WhiteFideId "12414816"]
[BlackFideId "13400363"]
[WhiteElo "1917"]
[BlackElo "2487"]
[Result "0-1"]
[Round "06"]
[TimeControl "180+1"]
[Date "2022.03.09"]
[WhiteClock "0:00:14"]
[BlackClock "0:01:24"]

1. e4 e6 2. d4 d5 3. e5 c5 4. c3 Qb6 5. Nf3 Bd7 6. Bd3 Bb5 7. a3 Nc6 8. O-O cxd4 9. cxd4 Bxd3 10. Qxd3 Nge7 11. b4 Nf5 12. Be3 Be7 13. Nc3 O-O 14. Nxd5 Qd8 15. Nc3 Qd7 16. Rfd1 Rfd8 17. Rac1 Bf8 18. Ne4 h6 19. h3 a5 20. b5 Nce7 21. Nc5 Qd5 22. Na4 Nc8 23. Rc7 Rb8 24. Rdc1 Qa2 25. R1c3 Nfe7 26. Rc2 Qb1+ 27. Kh2 Nd5 28. Nd2 Qa1 29. b6 Qxa3 30. Qxa3 Bxa3 31. Ne4 Ncxb6 32. Nxb6 Nxb6 33. R2c3 Nd5 34. R3c4 Nxc7 35. Rxc7 Bf8 36. Bd2 a4 37. Bc3 a3 38. f3 Rdc8 39. Rxc8 Rxc8 40. Kg3 a2 41. Bb2 Rc2 42. Ba1 Rc1 43. Bb2 Rb1 44. Bc3 Bb4 45. Kf4 Bxc3 46. Nxc3 a1=Q 47. Nxb1 Qxb1 0-1


[Site "https://www.chess.com"]

[Event "Titled Tuesday Blitz March 08 Early 2022"]
[White "Oganian, Miran"]
[Black "Kovanova, Baira"]
[WhiteFideId "4122488"]
[BlackFideId "4164083"]
[WhiteElo "2357"]
[BlackElo "2190"]
[Result "1-0"]
[Round "06"]
[TimeControl "180+1"]
[Date "2022.03.09"]
[WhiteClock "0:00:56"]
[BlackClock "0:00:16"]

1. e4 e5 2. Nf3 Nc6 3. Nc3 Nf6 4. d4 exd4 5. Nxd4 Bb4 6. Nxc6 bxc6 7. Bd3 O-O 8. O-O d5 9. exd5 cxd5 10. h3 Rb8 11. Qf3 Rb6 12. Bg5 h6 13. Bf4 Re8 14. Rad1 Bd6 15. b3 Bb7 16. Bxd6 Qxd6 17. Rfe1 Rxe1+ 18. Rxe1 Bc6 19. Ne2 Rb8 20. Nd4 Bd7 21. Bf5 c5 22. Bxd7 Qxd7 23. Nf5 Kh7 24. Re7 Qc6 25. Rxf7 Rg8 26. Nxg7 Rxg7 27. Rxf6 Qe8 28. Qf5+ Kg8 29. Qxd5+ Kh7 30. Qf5+ Kg8 31. Qe6+ 1-0


[Site "https://www.chess.com"]

[Event "Titled Tuesday Blitz March 08 Early 2022"]
[White "Omariev, Maksim"]
[Black "Necula, Iulian"]
[WhiteFideId "4193423"]
[BlackFideId "1232380"]
[WhiteElo "2420"]
[BlackElo "1776"]
[Result "1-0"]
[Round "06"]
[TimeControl "180+1"]
[Date "2022.03.09"]
[WhiteClock "0:00:03"]
[BlackClock "0:00:11"]

1. g4 d6 2. Bg2 c6 3. h3 f5 4. gxf5 Bxf5 5. e4 Bg6 6. d4 Nf6 7. Nc3 Nbd7 8. f4 e5 9. dxe5 dxe5 10. f5 Bf7 11. Be3 Bb4 12. Ne2 O-O 13. Qd2 Qa5 14. a3 Rad8 15. O-O Bc5 16. b4 Bxe3+ 17. Qxe3 Qc7 18. Rfd1 b6 19. Rd2 c5 20. Rad1 cxb4 21. axb4 Nb8 22. Nb5 Qe7 23. Rxd8 Rxd8 24. Rxd8+ Qxd8 25. Nxa7 Qd1+ 26. Kf2 Qxc2 27. Qxb6 Nbd7 28. Qc6 Bc4 29. Bf3 Qd3 30. b5 Nc5 31. Qxc5 Nxe4+ 32. Bxe4 Qxe4 33. Qe3 Qxf5+ 34. Qf3 Qc2 35. b6 Bxe2 36. Qxe2 Qc5+ 37. Qe3 Qc2+ 38. Kg3 Qg6+ 39. Kh2 e4 40. Nb5 Qc6 41. Nc3 Qd6+ 42. Kg2 Qg6+ 43. Kh1 Qf5 44. Nxe4 Qf1+ 45. Kh2 Qb5 46. Ng3 Qb2+ 47. Kg1 h5 48. Qf2 Qb1+ 49. Kg2 h4 50. Nf5 Qe4+ 51. Kg1 Qb1+ 52. Kh2 Qe4 53. Nxh4 Qe5+ 54. Kh1 Qe4+ 55. Ng2 Qb1+ 56. Kh2 Qe4 57. Qg3 Qb7 58. Qc7 Qf3 59. b7 1-0


[Site "https://www.chess.com"]

[Event "Titled Tuesday Blitz March 08 Early 2022"]
[White "Omelja, Artem"]
[Black "Garriga Cazorla, Pere"]
[WhiteFideId "14119846"]
[BlackFideId "32011601"]
[WhiteElo "2382"]
[BlackElo "2458"]
[Result "0-1"]
[Round "06"]
[TimeControl "180+1"]
[Date "2022.03.09"]
[WhiteClock "0:00:06"]
[BlackClock "0:01:12"]

1. d4 Nf6 2. c4 e6 3. Nf3 c5 4. d5 exd5 5. cxd5 d6 6. Nc3 g6 7. h3 Bg7 8. e4 O-O 9. Bd3 a6 10. a4 Nbd7 11. O-O Nh5 12. Bg5 Bf6 13. Be3 Ne5 14. Be2 Nxf3+ 15. Bxf3 Ng7 16. Qc2 Be5 17. Be2 f5 18. f4 Bd4 19. Qd3 fxe4 20. Nxe4 Bxe3+ 21. Qxe3 Nf5 22. Qd2 Nd4 23. Bc4 Bf5 24. Ng5 b5 25. Ba2 Qf6 26. Rae1 Rae8 27. Ne6 Bxe6 28. dxe6 c4 29. Rd1 Nf5 30. axb5 axb5 31. Qd5 Qxe6 32. Qxb5 Qe3+ 33. Kh2 Qg3+ 34. Kh1 Ne3 35. Bxc4+ Kh8 36. Rg1 Nxd1 37. Rxd1 Qxf4 38. Qd5 Re7 39. b3 Kg7 40. Qxd6 Re1+ 41. Rxe1 Qxd6 42. Re6 Rf1+ 0-1


[Site "https://www.chess.com"]

[Event "Titled Tuesday Blitz March 08 Early 2022"]
[White "Orlov, Georgi"]
[Black "Shyaamnikhil P"]
[WhiteFideId "2011271"]
[BlackFideId "5024218"]
[WhiteElo "2533"]
[BlackElo "2329"]
[Result "1/2-1/2"]
[Round "06"]
[TimeControl "180+1"]
[Date "2022.03.09"]
[WhiteClock "0:00:13"]
[BlackClock "0:00:16"]

1. e4 e5 2. Nf3 Nc6 3. Bb5 a6 4. Bxc6 dxc6 5. O-O f6 6. d4 exd4 7. Nxd4 c5 8. Nb3 Qxd1 9. Rxd1 b6 10. Bf4 Ra7 11. a4 Ne7 12. Nc3 h5 13. a5 Ng6 14. Be3 Bd7 15. axb6 cxb6 16. Nd5 Bc6 17. Nxb6 Bxe4 18. Nxc5 Bxc2 19. Rdc1 Bxc5 20. Bxc5 Bd3 21. Rc3 Bb5 22. Nc8 Rc7 23. Re1+ Kf7 24. Nd6+ Kg8 25. Nxb5 axb5 26. b4 Kf7 27. Rd3 Ra8 28. Rd5 Nf4 29. Rd6 Ra2 30. g3 Ng6 31. Rb6 Ne5 32. Kg2 Nd3 33. Rf1 Nxc5 34. bxc5 Rxc5 35. Rb7+ Kg6 36. h4 Rb2 37. Re1 Rf5 38. Rf1 b4 39. Rb8 b3 40. Rb7 Kh6 41. Kg1 Re5 42. Kg2 Ree2 43. Kf3 Kg6 44. Rb5 Kh6 45. Rxb3 Rxf2+ 46. Rxf2 Rxb3+ 47. Kg2 Kg6 48. Rc2 Rb5 49. Rf2 Rf5 50. Re2 Re5 51. Rf2 Kf7 52. Rf4 Ke6 53. Ra4 Re2+ 54. Kf3 Rd2 55. Ra5 Rd5 56. Ra6+ Kf5 57. Ra3 Rd4 58. Ra5+ Kg6 59. Ra6 Rd5 60. Kf4 Rd4+ 61. Kf3 Rd1 62. Ra5 Rf1+ 63. Kg2 Rf5 64. Ra7 Rc5 65. Ra6 Kf5 66. Ra7 g5 67. hxg5 fxg5 68. Ra4 Rc2+ 69. Kf3 g4+ 70. Ke3 Rg2 71. Ra5+ Kg6 72. Kf4 Rf2+ 73. Ke4 Rf3 74. Ra6+ Kg5 75. Ra5+ Kg6 76. Ra6+ Kf7 77. Ra5 Kg6 1/2-1/2


[Site "https://www.chess.com"]

[Event "Titled Tuesday Blitz March 08 Early 2022"]
[White "Osmonbekov, Talaibek"]
[Black "Bilan, Danila"]
[WhiteFideId "2017253"]
[BlackFideId "24161918"]
[WhiteElo "2135"]
[BlackElo "2164"]
[Result "0-1"]
[Round "06"]
[TimeControl "180+1"]
[Date "2022.03.09"]
[WhiteClock "0:01:34"]
[BlackClock "0:02:05"]

1. d4 d5 2. Nc3 Nf6 3. Bf4 c6 4. e3 Bg4 5. f3 Bh5 6. g4 Bg6 7. h4 h6 8. h5 Bh7 9. Bd3 Bxd3 10. Qxd3 Nbd7 11. Nge2 e6 12. O-O-O c5 13. e4 cxd4 14. Nxd4 e5 15. exd5 Bc5 16. Nf5 exf4 17. Nxg7+ Kf8 18. Nf5 Qb6 19. Rhe1 Re8 20. d6 Ne5 21. Rxe5 Rxe5 22. d7 Qd8 23. Qc4 b6 24. Qxf4 Re6 25. Nxh6 Be3+ 26. Qxe3 Rxe3 27. Nf5 Rxf3 28. h6 Rxf5 29. gxf5 Rxh6 0-1


[Site "https://www.chess.com"]

[Event "Titled Tuesday Blitz March 08 Early 2022"]
[White "P., Komal Kishore"]
[Black "Baker, Chris W"]
[WhiteFideId "5016703"]
[BlackFideId "401676"]
[WhiteElo "2138"]
[BlackElo "2289"]
[Result "0-1"]
[Round "06"]
[TimeControl "180+1"]
[Date "2022.03.09"]
[WhiteClock "0:00:17"]
[BlackClock "0:00:07"]

1. e4 e5 2. Nf3 Nc6 3. Bb5 a6 4. Ba4 Nf6 5. O-O Be7 6. Re1 b5 7. Bb3 O-O 8. c3 d6 9. h3 Na5 10. Bc2 c5 11. d4 Qc7 12. Nbd2 Bd7 13. Nf1 Rac8 14. dxe5 dxe5 15. Qe2 Be6 16. Bg5 h6 17. Bxf6 Bxf6 18. Ne3 Nc4 19. Nxc4 Bxc4 20. Bd3 Bxd3 21. Qxd3 Rfd8 22. Qe2 c4 23. Rad1 Be7 24. Nd2 Bc5 25. Nf1 Qb6 26. Ng3 Rd3 27. Nf5 Rcd8 28. Rxd3 Rxd3 29. Rf1 Kh7 30. Qg4 g6 31. Ng3 h5 32. Nxh5 gxh5 33. Qxh5+ Kg8 34. Qg5+ Qg6 35. Qxe5 Bd6 36. Qe8+ Kg7 37. f3 Qg3 38. Rb1 Rd2 0-1


[Site "https://www.chess.com"]

[Event "Titled Tuesday Blitz March 08 Early 2022"]
[White "Papasimakopoulos, Alexandros"]
[Black "Taichman, Ori"]
[WhiteFideId "4244125"]
[BlackFideId "2804069"]
[WhiteElo "2340"]
[BlackElo "2227"]
[Result "0-1"]
[Round "06"]
[TimeControl "180+1"]
[Date "2022.03.09"]
[WhiteClock "0:00:05"]
[BlackClock "0:00:22"]

1. c4 g5 2. d4 Bg7 3. Bxg5 c5 4. e3 Qb6 5. Qd2 cxd4 6. exd4 Qxd4 7. Nc3 Nc6 8. Nf3 Qxd2+ 9. Kxd2 Nf6 10. Bd3 Ng4 11. Bh4 O-O 12. Rae1 Bh6+ 13. Kd1 f6 14. Nd5 e6 15. h3 exd5 16. hxg4 Nb4 17. Bf1 dxc4 18. Bxc4+ d5 19. Bb3 Bxg4 20. Bg3 Bg7 21. Bd6 Nd3 22. Bxd5+ Kh8 23. Bxf8 Bxf8 24. Re2 Rd8 25. Rh4 Rxd5 26. Rxg4 Nxf2+ 27. Ke1 Nxg4 28. Re8 Kg7 29. Rb8 Rb5 30. b3 Ne3 31. Nd4 Rb6 32. g3 Bc5 33. Nf3 Bd6 34. Ra8 Bxg3+ 35. Ke2 Nd5 36. Rxa7 h5 37. Nd4 h4 38. Kf3 Kg6 39. Ra8 Be5 40. Rg8+ Kf7 41. Rh8 Bg3 42. Nf5 Ra6 43. Rb8 Bxb8 0-1


[Site "https://www.chess.com"]

[Event "Titled Tuesday Blitz March 08 Early 2022"]
[White "Perez Gormaz, Matias"]
[Black "Popadic, Dragan"]
[WhiteFideId "3406342"]
[BlackFideId "913650"]
[WhiteElo "2327"]
[BlackElo "2222"]
[Result "1-0"]
[Round "06"]
[TimeControl "180+1"]
[Date "2022.03.09"]
[WhiteClock "0:00:14"]
[BlackClock "0:00:04"]

1. e4 c5 2. Nf3 Nc6 3. Bb5 e5 4. O-O d6 5. c3 Bd7 6. d4 Qc7 7. Re1 a6 8. Bf1 Be7 9. h3 Nf6 10. Bg5 Rc8 11. dxc5 dxc5 12. Nbd2 O-O 13. Nc4 Rcd8 14. Qc2 Be6 15. a4 Nh5 16. Bc1 Nf4 17. Kh2 h6 18. g3 Ng6 19. Ne3 Bg5 20. Nd5 Bxd5 21. exd5 Rxd5 22. Bc4 Rd6 23. Bxg5 hxg5 24. Nxg5 Nd8 25. Rad1 Rxd1 26. Qxg6 Re8 27. Qh7+ Kf8 28. Rxd1 g6 29. Qh8+ Ke7 30. Qg7 Rf8 31. Rxd8 Qxd8 32. Nxf7 Qd2 33. Nxe5+ Ke8 34. Bf7+ Rxf7 35. Qxf7+ Kd8 36. Kg2 Kc8 37. Qxg6 Qxb2 38. Qe8+ Kc7 39. Qd7+ Kb8 40. Qd6+ Ka8 41. Qf8+ Ka7 42. Qxc5+ Ka8 43. Nd7 Qe2 44. Qc8+ Ka7 45. Qb8# 1-0


[Site "https://www.chess.com"]

[Event "Titled Tuesday Blitz March 08 Early 2022"]
[White "Petrovic, Aleksa"]
[Black "Sarkar, Justin"]
[WhiteFideId "967629"]
[BlackFideId "2010011"]
[WhiteElo "2245"]
[BlackElo "2038"]
[Result "1-0"]
[Round "06"]
[TimeControl "180+1"]
[Date "2022.03.09"]
[WhiteClock "0:00:31"]
[BlackClock "0:00:01"]

1. d4 Nf6 2. c4 e6 3. Nc3 Bb4 4. Qc2 b6 5. a3 Bxc3+ 6. Qxc3 Bb7 7. Bg5 h6 8. Bh4 d6 9. f3 Nbd7 10. O-O-O Qe7 11. Bf2 c5 12. e4 O-O 13. Kb1 Rac8 14. d5 exd5 15. cxd5 a6 16. Ne2 b5 17. Ng3 g6 18. Qc1 Kh7 19. Be3 Ng8 20. Bd3 c4 21. Bc2 Nc5 22. h4 Nb3 23. Bxb3 cxb3 24. Qd2 Rc2 25. Qe1 Rxg2 26. Ne2 Rc8 27. Qf1 Rxe2 28. Qxe2 Rc2 29. Qd3 Qf6 30. Qxb3 Re2 31. Bd4 Qf4 32. Qd3 Qg3 33. Qxe2 1-0


[Site "https://www.chess.com"]

[Event "Titled Tuesday Blitz March 08 Early 2022"]
[White "Piliczewski, Bogusz"]
[Black "Johnson, Ben"]
[WhiteFideId "1104144"]
[BlackFideId "2010917"]
[WhiteElo "1896"]
[BlackElo "2190"]
[Result "0-1"]
[Round "06"]
[TimeControl "180+1"]
[Date "2022.03.09"]
[WhiteClock "0:00:05"]
[BlackClock "0:00:20"]

1. d4 Nf6 2. Nf3 d5 3. Bf4 e6 4. e3 Bd6 5. Ne5 Nbd7 6. Bg3 O-O 7. f4 Ne4 8. Qf3 c5 9. Bd3 f5 10. O-O Ndf6 11. Bh4 cxd4 12. exd4 Qb6 13. Bxf6 Qxd4+ 14. Kh1 Rxf6 15. Bxe4 Qxe4 16. Qxe4 fxe4 17. Nc3 b6 18. Nb5 Bxe5 19. fxe5 Rxf1+ 20. Rxf1 Ba6 21. a4 Rc8 22. Nd6 Rxc2 23. Rb1 e3 24. Nb5 Bxb5 25. axb5 e2 26. Re1 Rd2 27. Kg1 d4 28. Kf2 d3 0-1


[Site "https://www.chess.com"]

[Event "Titled Tuesday Blitz March 08 Early 2022"]
[White "Ptacnikova, Lenka"]
[Black "Tarhan, Adar"]
[WhiteFideId "305650"]
[BlackFideId "34544712"]
[WhiteElo "1923"]
[BlackElo "1802"]
[Result "0-1"]
[Round "06"]
[TimeControl "180+1"]
[Date "2022.03.09"]
[WhiteClock "0:00:22"]
[BlackClock "0:01:51"]

1. c4 Nf6 2. g3 c6 3. Bg2 d5 4. cxd5 cxd5 5. Nf3 Nc6 6. O-O Bg4 7. Qa4 Bxf3 8. Bxf3 e6 9. d3 Bd6 10. Nc3 Nd7 11. e4 Nde5 12. Be2 d4 13. Nb5 Bb8 14. f4 Ng6 15. e5 a6 16. Na3 O-O 17. Bf3 Nge7 18. Qb3 Qd7 19. Nc4 Ba7 20. Nb6 Bxb6 21. Qxb6 Nd5 22. Qb3 Nce7 23. Bd2 Rac8 24. Rac1 b5 25. Rxc8 Rxc8 26. Rc1 Rxc1+ 27. Bxc1 Qc7 28. Bd2 g6 29. h4 Nf5 30. Kf2 Nde3 31. a4 Qc5 32. axb5 axb5 33. Be4 Ng4+ 34. Kf3 Nfe3 35. Ke2 h5 36. Bf3 Nf5 37. Be1 Qc1 38. Qxb5 Qe3+ 39. Kd1 Qxf3+ 40. Kc2 Qe2+ 41. Bd2 Nge3+ 0-1


[Site "https://www.chess.com"]

[Event "Titled Tuesday Blitz March 08 Early 2022"]
[White "Qashashvili, Alexandre"]
[Black "Ardila, Oscar Humberto"]
[WhiteFideId "13600842"]
[BlackFideId "4404742"]
[WhiteElo "2316"]
[BlackElo "1966"]
[Result "0-1"]
[Round "06"]
[TimeControl "180+1"]
[Date "2022.03.09"]
[WhiteClock "0:01:31"]
[BlackClock "0:00:42"]

1. e4 e5 2. Nf3 Nc6 3. Nc3 Nf6 4. d4 exd4 5. Nxd4 Bb4 6. Nxc6 bxc6 7. Bd3 d5 8. exd5 cxd5 9. O-O O-O 10. Bg5 c6 11. Qf3 Bd6 12. Bxf6 Qxf6 13. Qxf6 gxf6 14. Ne2 Be5 15. c3 Rb8 16. b4 Bg4 17. f3 Bd7 18. a3 Rfc8 19. f4 Bc7 20. g3 Bb6+ 21. Nd4 c5 22. bxc5 Rxc5 23. Bf5 Rxc3 24. Bxd7 Bxd4+ 25. Kh1 Rc2 26. Rab1 Rxb1 27. Rxb1 Ra2 28. Rd1 Bb6 29. Rxd5 Rxa3 30. Bf5 Ra2 31. Rd6 Kg7 32. Rd7 Re2 33. Bg4 Re1+ 34. Kg2 a5 35. Rb7 Bd4 36. Bh5 a4 37. Bxf7 Kf8 38. Be6 a3 39. Bc4 Rc1 40. Bd5 Rc2+ 41. Kf3 a2 42. Bxa2 Rxa2 43. Rxh7 f5 44. Rh5 Rf2# 0-1


[Site "https://www.chess.com"]

[Event "Titled Tuesday Blitz March 08 Early 2022"]
[White "Rastbod, Ali"]
[Black "Korkmaz, Necmettin"]
[WhiteFideId "12567477"]
[BlackFideId "6303285"]
[WhiteElo "2200"]
[BlackElo "2094"]
[Result "1-0"]
[Round "06"]
[TimeControl "180+1"]
[Date "2022.03.09"]
[WhiteClock "0:01:00"]
[BlackClock "0:00:25"]

1. c4 e5 2. Nc3 Nc6 3. Nf3 Nf6 4. e4 Bc5 5. Nxe5 Nxe5 6. d4 Bb4 7. dxe5 Nxe4 8. Qf3 Nxc3 9. bxc3 Bc5 10. Qg3 g6 11. Bg5 Be7 12. Bh6 Bf8 13. Bxf8 Kxf8 14. O-O-O Qe7 15. Kb2 Kg7 16. f4 d6 17. h4 h5 18. Bd3 dxe5 19. fxe5 Be6 20. Rhf1 Bg4 21. Rde1 Rad8 22. Re3 Rhe8 23. Qf4 Rxd3 24. Rxd3 Be2 25. Qf6+ Qxf6 26. exf6+ Kf8 27. Rff3 Bxf3 28. gxf3 Kg8 29. Rd7 Re6 30. Rxc7 Rxf6 31. Rxb7 Rxf3 32. c5 Rf5 33. c6 Rc5 34. c7 Kg7 35. Kb3 a5 36. Kc2 g5 37. hxg5 h4 38. Kd3 h3 39. Kd4 Rc6 40. c4 h2 41. Rb1 Rxc7 42. Rh1 Rd7+ 43. Kc3 Kg6 44. Rxh2 Kxg5 45. c5 f5 46. Kc4 f4 47. c6 Rc7 48. Kc5 Kg4 49. Kb6 Rc8 50. a4 f3 51. Rh1 Kg3 52. Kb7 Rf8 53. c7 Kg2 54. Ra1 f2 55. c8=Q Rxc8 56. Kxc8 f1=Q 57. Rxf1 Kxf1 58. Kb7 Ke2 59. Ka6 Kd3 60. Kxa5 Kc4 61. Kb6 Kd5 62. a5 Kd6 63. a6 Kd7 64. a7 Kc8 65. a8=Q+ 1-0


[Site "https://www.chess.com"]

[Event "Titled Tuesday Blitz March 08 Early 2022"]
[White "Rodchenkov, Sergey D."]
[Black "Fernandez Siles, Luis"]
[WhiteFideId "4168712"]
[BlackFideId "2209420"]
[WhiteElo "2306"]
[BlackElo "2212"]
[Result "0-1"]
[Round "06"]
[TimeControl "180+1"]
[Date "2022.03.09"]
[WhiteClock "0:00:04"]
[BlackClock "0:00:18"]

1. e4 c5 2. Nf3 Nc6 3. d4 cxd4 4. Nxd4 Nf6 5. Nc3 e5 6. Ndb5 d6 7. Nd5 Nxd5 8. exd5 Nb8 9. a4 Be7 10. Be2 O-O 11. O-O f5 12. Bd2 a6 13. Na3 Nd7 14. a5 Nc5 15. Nc4 Ne4 16. Bb4 Rf6 17. Bd3 Ng5 18. f4 exf4 19. Rxf4 g6 20. Qe2 Rf8 21. Re1 Re8 22. h4 Nf7 23. h5 Bd7 24. hxg6 hxg6 25. Qf2 Bg5 26. Rf3 Rxe1+ 27. Qxe1 Qf6 28. Bc3 Qe7 29. Qf2 Re8 30. Nb6 Ne5 31. Rh3 Bb5 32. Bxb5 axb5 33. Qd4 Bf6 34. Qf4 Ng4 35. Bxf6 Qxf6 36. Rf3 Re1+ 37. Rf1 Rxf1+ 38. Kxf1 Qxb2 39. Qxd6 Qc1+ 40. Ke2 Qe3+ 41. Kd1 Nf2# 0-1


[Site "https://www.chess.com"]

[Event "Titled Tuesday Blitz March 08 Early 2022"]
[White "Roman, Rodrigo"]
[Black "Soderstrom, Adrian"]
[WhiteFideId "3701220"]
[BlackFideId "1745786"]
[WhiteElo "2001"]
[BlackElo "2107"]
[Result "0-1"]
[Round "06"]
[TimeControl "180+1"]
[Date "2022.03.09"]
[WhiteClock "0:00:12"]
[BlackClock "0:00:10"]

1. c4 e5 2. Nc3 Nf6 3. g3 d5 4. cxd5 c6 5. dxc6 Nxc6 6. Bg2 Bc5 7. d3 e4 8. Nxe4 Nxe4 9. Bxe4 O-O 10. e3 Re8 11. Bg2 Ne5 12. d4 Bxd4 13. Ne2 Qa5+ 14. Qd2 Nd3+ 15. Kf1 Qxd2 16. Bxd2 Bxb2 17. Rb1 Bf6 18. Nf4 Nxf4 19. gxf4 Bf5 20. Rxb7 Rad8 21. Ke2 Bd3+ 22. Ke1 Rb8 23. Kd1 Rxb7 24. Bxb7 Rb8 25. Bd5 Rb2 26. h4 a5 27. h5 h6 28. f3 a4 29. Rg1 Kf8 30. a3 Be7 31. Bc1 Rb5 32. Be4 Bc4 33. f5 Bb3+ 34. Ke2 Rc5 35. Bd2 Rc7 36. Rc1 Bc4+ 37. Bd3 Bxd3+ 38. Kxd3 Rd7+ 39. Ke2 Bxa3 40. Ra1 Bb2 41. Rxa4 Ke7 42. e4 Kf6 43. Bf4 Ke7 44. Ra6 Rb7 45. Be5 Bxe5 46. Ra5 Kf6 47. Ra6+ Kg5 48. Ra5 Kf4 49. Ra8 Rb2+ 50. Kd3 Rb3+ 51. Kc4 Rxf3 52. Rf8 Kxe4 53. Rxf7 Rxf5 54. Ra7 Kf4 55. Ra2 Bf6 56. Rf2+ Kg5 57. Rg2+ Kxh5 58. Kd3 g5 59. Ke4 Kg6 60. Rh2 Rf4+ 61. Kd5 h5 62. Ke6 h4 63. Rc2 Bd4 64. Rc8 h3 65. Rg8+ Kh5 66. Rh8+ Bxh8 0-1


[Site "https://www.chess.com"]

[Event "Titled Tuesday Blitz March 08 Early 2022"]
[White "Romanchuk, Viktor"]
[Black "Tarasova, Viktoriya"]
[WhiteFideId "14109271"]
[BlackFideId "4175840"]
[WhiteElo "2242"]
[BlackElo "2182"]
[Result "1-0"]
[Round "06"]
[TimeControl "180+1"]
[Date "2022.03.09"]
[WhiteClock "0:00:02"]
[BlackClock "0:00:05"]

1. d4 Nf6 2. c4 e6 3. Nc3 Bb4 4. e3 O-O 5. Ne2 d5 6. a3 Bd6 7. Ng3 c5 8. dxc5 Bxc5 9. b4 Be7 10. cxd5 exd5 11. Bb2 Nc6 12. Bd3 d4 13. exd4 Nxd4 14. O-O b6 15. Re1 Bb7 16. Nh5 Nxh5 17. Qxh5 g6 18. Qg4 h5 19. Qh3 Bf6 20. Rad1 Qc7 21. Ne4 Bg7 22. Ba1 Rad8 23. Ng5 Rd5 24. Be4 Ne2+ 25. Kf1 Nf4 26. Qh4 Qc4+ 27. Kg1 Rxd1 28. Rxd1 Qe2 29. Rf1 Bxe4 30. Bxg7 Bd3 31. Ra1 Kxg7 32. Qxf4 Kg8 33. Nf3 Be4 34. Ng5 Bf5 35. h3 Qc4 36. Qxc4 Kg7 37. Qd4+ Kg8 38. Ne4 h4 39. Nf6+ Kg7 40. Nd7+ Kh6 41. Nxf8 Kg5 42. Qe3+ 1-0


[Site "https://www.chess.com"]

[Event "Titled Tuesday Blitz March 08 Early 2022"]
[White "Rudzinska, Michalina"]
[Black "Mkrtchyan, Mariam"]
[WhiteFideId "1172883"]
[BlackFideId "13310828"]
[WhiteElo "1904"]
[BlackElo "1984"]
[Result "0-1"]
[Round "06"]
[TimeControl "180+1"]
[Date "2022.03.09"]
[WhiteClock "0:01:20"]
[BlackClock "0:00:46"]

1. Nf3 g6 2. e4 Bg7 3. d4 c6 4. Nc3 d5 5. h3 dxe4 6. Nxe4 Nf6 7. Bc4 Nxe4 8. Qe2 Nd6 9. Bb3 O-O 10. Bf4 Nd7 11. O-O-O a5 12. a3 a4 13. Ba2 b5 14. c3 Nb6 15. Ne5 Bb7 16. h4 Nbc4 17. h5 e6 18. hxg6 fxg6 19. Bh6 Bxh6+ 20. Kb1 Bg7 21. Nxc4 Nxc4 22. Qxe6+ Rf7 23. Rxh7 Qf6 24. Qh3 Qf5+ 25. Qxf5 Rxf5 26. Rdh1 Rxf2 27. R7h4 Rxb2+ 28. Ka1 Rf2 29. Rg4 Rf6 30. Re1 Bf8 31. Bb1 Kg7 32. Rh1 Nxa3 33. Be4 Re8 34. Rgh4 Kf7 35. Rh7+ Bg7 36. R7h4 Nc4 37. Bf3 a3 38. Rd1 Bc8 39. Bxc6 Rxc6 40. d5 Bxc3+ 41. Kb1 Rd6 42. Rf4+ Bf6 43. Rdf1 Bf5+ 44. Ka2 Re2+ 45. Kb3 Nd2+ 46. Kxa3 Nxf1 47. g4 Rxd5 48. gxf5 Rxf5 49. Rb4 Rf3+ 50. Rb3 Rxb3+ 51. Kxb3 g5 52. Kb4 g4 53. Kb3 g3 54. Kb4 g2 55. Ka5 g1=Q 56. Kb4 Qd4+ 57. Ka5 Ra2+ 58. Kxb5 Rb2+ 59. Ka5 Qa7# 0-1


[Site "https://www.chess.com"]